AoeStats
← FallenFighter dreifuet

Scandinavia

510364380Analyzed
1v1 RM · 3d ago on Sep 30, 2026· 47m 20s· 2 players
Game mode
Random Map
Map size
Tiny (2 player)
Population
200
Speed
Normal
Resources
Standard
Victory
Conquest
Starting age
Dark Age
Ending age
Imperial Age
RankedLock teamsTeams togetherTeam positionsShared explorationLock speedFull tech treeHidden civsTurbo modeCheats
Victory
Defeat
🇰🇿 Magyars · Kazakhstan
1013
+16
🇬🇧 Gurjaras · United Kingdom
1021
-16
FallenFighter dreifuet
7:51 Loom
10:33 Feudal Age
14:47 Castle Age
13:25 Town Watch
15:13 Double-Bit Axe
20:49 Fletching
22:08 Padded Archer Armor
22:14 Horse Collar
26:33 Bow Saw
27:18 Wheelbarrow
28:20 Leather Archer Armor
28:16 Bodkin Arrow
29:07 Ballistics
29:47 Corvinian Army
31:24 Thumb Ring
31:46 Hand Cart
32:01 Scale Barding Armor
32:55 Heavy Plow
36:05 Imperial Age
35:21 Town Patrol
36:46 Chain Barding Armor
36:49 Bracer
36:55 Pikeman
39:07 Plate Barding Armor
39:04 Ring Archer Armor
39:42 Hoardings
39:56 Elite Magyar Huszar
40:24 Halberdier
41:38 Husbandry
41:48 Bloodlines
46:38 Parthian Tactics
45:34 Heavy Cavalry Archer
46:57 Gold Mining
48:10 Two-Man Saw
47:43 Crop Rotation
47:07 Stone Mining
13Powerclub13
7:30 Loom
10:25 Feudal Age
17:06 Castle Age
17:12 Double-Bit Axe
17:10 Horse Collar
18:49 Bloodlines
18:39 Husbandry
21:43 Bow Saw
21:59 Heavy Plow
23:28 Scale Mail Armor
24:16 Husbandry
27:29 Forging
28:58 Scale Barding Armor
31:48 Gold Mining
33:31 Chain Barding Armor
35:12 Iron Casting
35:52 Sanctity
41:24 Imperial Age
40:26 Wheelbarrow
44:48 Heavy Camel Rider
Connection lost

Rejoining the realm…

Still unreachable

The connection could not be restored.

Session expired

The server has moved on; the page needs a fresh start.